Unix NetHack Version 5.0.0-0 post-release - last build May 31 2026 23:59:36 (970b52f25bf058293b47ddfd14a1e40e571c508c,branch:main).

Game began 2026-06-05 01:42:03, ended 2026-06-05 01:57:46.

IanCurtis, chaotic male elven Wizard

                          -----
                          ...$|
                          |..a.       -------
                          |.%%|       |.*.*..#####
                           -a-        |.....|    #####
                           #@         |.....|        #
                           #          ......|
                           #          |....<|
                           #          -------
                           #
                           #
                           #
                           #
                 ----------.----
                 |.............|
                 ...............###
                 |.............|
                 |.............|
                 ---------------

IanCurtis the Thaumaturge  St:25 Dx:12 Co:15 In:18 Wi:10 Ch:11  Chaotic
Dlvl:6  $:280 HP:0(52) Pw:51(80) AC:8  Xp:7 T:3828 

Latest messages:
 You miss the killer bee.
 The killer bee stings!
 The rabid rat bites!
 You kill the rabid rat!
 The killer bee stings!
 The killer bee just misses!
 The killer bee stings!
 You miss the killer bee.
 The killer bee stings!
 You miss the killer bee.
 The killer bee stings!
 The killer bee stings!
 The killer bee's sting was poisoned!
 In what direction? k
 The spell misses the killer bee.
 The spell hits the killer bee!
 You kill the killer bee!
 The killer bee misses!
 The killer bee stings!
 In what direction? k
 The spell misses the killer bee.
 The spell hits the killer bee!
 You kill the killer bee!
 The killer bee stings!
 The killer bee stings!
 In what direction? k
 The spell hits the killer bee!
 You kill the killer bee!
 The spell misses the killer bee.
 You miss the killer bee.
 The killer bee stings!
 In what direction? k
 The spell misses the killer bee.
 The spell misses the killer bee.
 The spell misses the killer bee.
 The killer bee stings!
 The killer bee stings!
 In what direction? k
 The spell misses the killer bee.
 The spell hits the killer bee!
 You kill the killer bee!
 The killer bee stings!
 The killer bee stings!
 You kill the killer bee!
 Welcome to experience level 7.
 You miss the killer bee.
 The killer bee stings!
 The killer bee's sting was poisoned!
 You die...
 Do you want your possessions identified? [ynq] (y) q

Inventory:
 Coins    ('$')
  $ - 280 gold pieces
 Weapons  (')')
  K - a blessed +1 orcish dagger
  a - a blessed +1 quarterstaff (weapon in hands)
 Armor    ('[')
  r - an uncursed +0 pair of gauntlets of power (being worn)
  b - an uncursed +0 cloak of magic resistance (being worn)
 Scrolls  ('?')
  j - an uncursed scroll of confuse monster
  q - an uncursed scroll of earth
  k - an uncursed scroll of food detection
  i - an uncursed scroll of gold detection
  D - an uncursed scroll of identify
  J - an uncursed scroll of light
  x - an uncursed scroll of taming
 Spellbooks  ('+')
  m - an uncursed spellbook of detect monsters
  l - a blessed spellbook of force bolt
 Potions  ('!')
  h - a blessed potion of gain level
  O - an uncursed potion of healing
  z - an uncursed potion of monster detection
  I - a cursed diluted potion of paralysis
  N - an uncursed potion of restore ability
  g - an uncursed potion of see invisible
  f - an uncursed potion of water
 Rings    ('=')
  d - an uncursed ring of invisibility
  e - an uncursed ring of see invisible
 Wands    ('/')
  E - a wand of death (0:5)
  F - a wand of digging (0:8)
  Q - a wand of secret door detection (0:13)
  c - a wand of sleep (0:6)
  M - a wand of undead turning (0:5)
 Tools    ('(')
  o - an uncursed tooled horn
  n - a magic marker (0:21)
  L - an uncursed oil lamp

IanCurtis the Wizard's attributes:

Background:
 You were a Thaumaturge, a level 7 male elven Wizard.
 You were chaotic, on a mission for Anhur
 who was opposed by Ptah (lawful) and Thoth (neutral).
 You were right-handed.
 You were in the Dungeons of Doom, on level 6.
 You entered the dungeon 3828 turns ago.
 It was nighttime.
 You had 659 experience points, 621 more were needed to attain level 8.

Basics:
 You had 0 out of 52 hit points.
 You had 51 out of 80 energy points (spell power).
 Your armor class was 8.
 Your wallet contained 280 zorkmids.
 Autopickup was off.

Final Characteristics:
 Your strength was 25 (base:8, peak:11, innate limit:18).
 Your dexterity was 12 (limit:18).
 Your constitution was 15 (limit:16).
 Your intelligence was 18 (limit:20).
 Your wisdom was 10 (limit:20).
 Your charisma was 11 (limit:18).

Final Status:
 You weren't hungry.
 You were unencumbered.
 You were wielding a quarterstaff.
 You had basic skill with quarterstaff and could have enhanced that.

Final Attributes:
 You were piously aligned.
 You were magic-protected.
 You were sleep resistant.
 You were telepathic.
 You had infravision.
 You were warded.
 You are dead.

Miscellaneous:
 You didn't encounter any bones levels.
 Total elapsed playing time was 15 minutes and 41 seconds.

Major events:
 Turn
    1: IanCurtis the chaotic male elven Wizard entered the dungeon
  951: attained the rank of Conjurer (level 3)
 1462: entered the Gnomish Mines
 3387: attained the rank of Thaumaturge (level 6)
 3828: killed by a killer bee

Spells:
 Name                 Level Category     Fail Retention
 force bolt             1   attack         0%   81%-90%
 detect monsters        1   divination     0%  76%-100%

Skills:
 Fighting Skills
   bare handed combat [Unskilled]
   riding             [Unskilled]
 Weapon Skills
   dagger             [Unskilled]
   knife              [Unskilled]
   axe                [Unskilled]
   short sword        [Unskilled]
   club               [Unskilled]
   mace               [Unskilled]
   quarterstaff       [Basic]
   polearms           [Unskilled]
   spear              [Unskilled]
   trident            [Unskilled]
   sling              [Unskilled]
   dart               [Unskilled]
   shuriken           [Unskilled]
 Spellcasting Skills
   attack spells      [Basic]
   healing spells     [Unskilled]
   divination spells  [Unskilled]
   enchantment spells [Basic]
   clerical spells    [Unskilled]
   escape spells      [Unskilled]
   matter spells      [Unskilled]

Voluntary challenges:
 Character rerolling was not enabled.
 You never genocided any monsters.
 You never polymorphed an object.
 You never changed form.
 You used no wishes.
Achievements:
 You entered a shop.
 You attained the rank of Conjurer.
 You entered the Gnomish Mines.
 You attained the rank of Thaumaturge.

 The Dungeons of Doom: levels 1 to 6
    Level 1:
       An altar.
    Level 2:
       A food shop, many altars.
    Level 3: "vault"
    Level 4:
       A general store, a sink.
       Stairs down to The Gnomish Mines.
    Level 5:
    Level 6: <- You were here.
       Final resting place for
          you, killed by a killer bee.
 The Gnomish Mines: levels 5 to 6
    Level 5:
    Level 6:


Vanquished creatures:
  7 fog clouds
  2 gnome leaders
  a giant ant
  2 floating eyes
  2 kittens
  a kobold leader
  a rabid rat
  a giant bat
  5 iguanas
  7 killer bees
  5 coyotes
  2 manes
  a hobgoblin
  2 giant rats
  3 cave spiders
  9 gnomes
 13 garter snakes
  2 geckos
 10 jackals
  a fox
  a kobold
  6 goblins
  a sewer rat
  2 grid bugs
  a bat
  4 lichens
  6 newts
98 creatures vanquished.

No species were genocided or became extinct.

Game over:
                       ----------
                      /          \
                     /    REST    \
                    /      IN      \
                   /     PEACE      \
                  /                  \
                  |    IanCurtis     |
                  |      280 Au      |
                  |   killed by a    |
                  |    killer bee    |
                  |                  |
                  |                  |
                  |       2026       |
                 *|     *  *  *      | *
        _________)/\\_//(\/(/\)/\//\/|_)_______

Goodbye IanCurtis the Wizard...

You died in The Dungeons of Doom on dungeon level 6 with 3148 points,
and 280 pieces of gold, after 3828 moves.
You were level 7 with a maximum of 52 hit points when you died.

